 Dungeon Crawl Stone Soup version 0.30-a0-6-g7c9e10e132 (webtiles) character file.

Game seed: 13690457961348925667

60 siradein the Trooper (level 4, -3/40 HPs)
             Began as a Ghoul Fighter on Aug 22, 2022.
             Constricted to death by Sigmund (6 damage)
             ... on level 2 of the Dungeon.
             The game lasted 00:01:18 (1013 turns).

siradein the Trooper (Ghoul Fighter)                Turns: 1013, Time: 00:01:18

Health: -3/40      AC:  6    Str: 21    XL:     4   Next: 6%
Magic:  3/3        EV:  6    Int:  3    God:
Gold:   59         SH:  4    Dex:  8    Spells: 3/3 levels left

rFire   . . .      SeeInvis .      - Unarmed
rCold   + . .      Faith    .    b - +0 buckler
rNeg    + + +      Spirit   .    a - +0 scale mail
rPois   ∞          Reflect  .    (no helmet)
rElec   .          Harm     .    (no cloak)
rCorr   .          Rampage  .    (no gloves)
Will    .....                    (no boots)
Stlth   ..........               (no amulet)
HPRegen 0.00/turn                (no ring)
MPRegen 0.08/turn                (no ring)

@: mighty, grasped by roots, inhibited regen, constricted
A: claws 1, cold resistance 1, negative energy resistance 3, inhibited
regeneration, torment resistance 2, devour on kill
a: no special abilities


You were on level 2 of the Dungeon.
You visited 1 branch of the dungeon, and saw 2 of its levels.

You collected 59 gold pieces.

Inventory:

Armour
 a - a +0 scale mail (worn)
 b - a +0 buckler (worn)
Wands
 l - a wand of polymorph (7)
Scrolls
 d - a scroll of teleportation {unknown}
 g - a scroll of noise {unknown}
 i - a scroll of magic mapping {unknown}
 j - a scroll of identify {unknown}
 m - a scroll of blinking {unknown}
Potions
 e - a potion of ambrosia {unknown}
 f - a potion of berserk rage {unknown}
 h - a potion of invisibility {unknown}
 k - 3 potions of curing {unknown}
 n - a potion of flight {unknown}


   Skills:
 + Level 3.9 Fighting
 + Level 3.1 Armour
 + Level 3.1 Shields
 + Level 3.0 Unarmed Combat


You had 3 spell levels left.
You didn't know any spells.
Your spell library was empty.

Dungeon Overview and Level Annotations

Branches:
Dungeon (2/15)

Altars:

Annotations:
D:2 Sigmund


Innate Abilities, Weirdness & Mutations

You are immune to poison.
You have sharp fingernails.
Your flesh is cold resistant. (rC+)
You are immune to negative energy. (rN+++)
You do not regenerate when monsters are visible.
You are immune to unholy pain and torment.
You thrive by killing the living.


Message History

n - a black potion You see here a +0 robe.
Sigmund the Dreaded comes into view.
He is wielding a +0 scythe and carrying a wand of roots (7).
Sigmund shouts!
Sigmund is nearby!
Sigmund is nearby!
Sigmund is nearby!
Sigmund is nearby!
Sigmund zaps a wand.
The roots erupt in riotous growth!
The grasping roots grab you!
Sigmund is unaffected.
The grasping roots constrict you.
Unknown command.
You scratch Sigmund.
Sigmund is lightly wounded.
Sigmund hits you with a +0 scythe! The grasping roots constrict you.
The grasping roots release their grip on you.
You closely miss Sigmund.
Sigmund is lightly wounded.
Sigmund hits you with a +0 scythe.
You are too injured to fight recklessly!
You are too injured to fight recklessly!
You are too injured to fight recklessly!
You completely miss Sigmund.
Sigmund is lightly wounded.
You closely miss Sigmund.
Sigmund is lightly wounded.
Sigmund zaps a wand.
The roots erupt in riotous growth!
The grasping roots grab you!
Sigmund is unaffected.
The grasping roots constrict you.
You closely miss Sigmund.
Sigmund is lightly wounded.
Sigmund hits you but does no damage. The grasping roots constrict you.
* * * LOW HITPOINT WARNING * * *
Unknown command.
Unknown command.
You feel very mighty all of a sudden. Sigmund hits you with a +0 scythe.
* * * LOW HITPOINT WARNING * * *
The grasping roots constrict you.
You die...

## .. #. #. #. #. #<
##.## #.#
######..@######. ...
.......#@..$....
#..###########...#######
#.∩..∩..♣..∩...[##
#...............#
#...............#
##8).∩..∩..∩...##
#.............#
#...).........#
#8..∩..∩..♣..∩#


You could see Sigmund.

Vanquished Creatures
  Jessica (D:2)
  An adder (D:2)
  6 endoplasms
  3 goblins (D:1)
  3 hobgoblins
  A quokka (D:1)
  3 ball pythons (D:1)
  3 bats
  2 kobolds (D:1)
  2 rats
25 creatures vanquished.

Notes
Turn   | Place    | Note
-------+----------+-------------------------------------------
     0 | D:1      | siradein the Ghoul Fighter began the quest for the Orb.
     0 | D:1      | Reached XP level 1. HP: 19/19 MP: 0/0
   348 | D:1      | Reached XP level 2. HP: 23/26 MP: 1/1
   910 | D:2      | Found a faded altar of an unknown god.
   920 | D:2      | Reached XP level 3. HP: 28/31 MP: 2/2
   968 | D:2      | Noticed Jessica
   976 | D:2      | Killed Jessica
   977 | D:2      | Reached XP level 4. HP: 40/40 MP: 3/3
  1003 | D:2      | Noticed Sigmund
  1013 | D:2      | Constricted to death by Sigmund

Illustrated notes

Levels and vault maps discovered:
D:1:      psy_arrival_radial01, layout_loops_ring
D:2:      layout_loops_ring, basic_altar, hellmonk_ecumenical_altar_arch_garden,
          kennysheep_path_1, uniq_natasha, uniq_jessica, uniq_sigmund

Skill      XL: |  1  2  3 |
---------------+----------+-----
Armour         | 3 |  3.1
Shields        | 3 |  3.1
Unarmed Combat | 3 |  3.0
Fighting       | |  3.9

Action                   |  1- 3 |  4- 6 || total
-------------------------+-------+-------++-------
Melee: Unarmed           |    67 |     5 ||    72
  Use: Potion            |       |     1 ||     1
Armor: Scale mail        |    24 |     1 ||    25
Dodge: Dodged            |    26 |       ||    26
Block: Buckler           |     7 |       ||     7

Table legend: (Time is in decaauts)
 A = Elapsed time spent in this place.
 B = Non-inter-level travel time spent in this place.
 C = Inter-level travel time spent in this place.
 D = Time resting spent in this place.
 E = Time spent auto-exploring this place.
 F = Levels seen in this place.
 G = Mean time per level.
                   A        B        C        D        E       F      G
               +--------+--------+--------+--------+--------+-----+--------+
         Total |   1012 |    964 |     48 |      0 |    810 |   2 |  506.0 |
       Dungeon |   1012 |    964 |     48 |      0 |    810 |   2 |  506.0 |
               +--------+--------+--------+--------+--------+-----+--------+

Top non-repeatable levels by time:
     D:1: 909 daAuts
     D:2: 102 daAuts
